 Dungeon Crawl Stone Soup version 0.26.1-2-gb8aa6d0 (webtiles) character file.

Game seed: 5769868713837059082

1 Geeful the Sneak (level 1, -4/16 HPs)
             Began as an Octopode Delver on Mar 21, 2021.
             Was an Initiate of Vehumet.
             Slain by a bullfrog (7 damage)
             ... on level 5 of the Dungeon.
             The game lasted 00:02:09 (351 turns).

Geeful the Sneak (Octopode Delver)                   Turns: 351, Time: 00:02:09

Health: -4/16      AC:  1    Str: 11    XL:     1   Next: 20%
Magic:  1/1        EV: 13    Int: 12    God:    Vehumet [......]
Gold:   8          SH:  0    Dex: 13    Spells: 0/0 levels left

rFire    . . .     SeeInvis .   a - +0 short sword
rCold    . . .     Faith    .   (no shield)
rNeg     . . .     Spirit   .   (helmet restricted)
rPois    .         Reflect  .   (no amulet)
rElec    .         Harm     .   (no ring)
rCorr    .         Rampage  .   (no ring)
Will     .....                  (no ring)
Stlth    ++++......             (no ring)
HPRegen  0.05/turn              (no ring)
MPRegen  0.07/turn              (no ring)
                                (no ring)
                                (no ring)

@: hasted, very quick
A: almost no armour, stealthy swim, amphibious, 8 rings, constrict 8, camouflage
1, gelatinous body 1
a: Renounce Religion


You were on level 5 of the Dungeon.
You worshipped Vehumet.
Vehumet was noncommittal.
You visited 2 branches of the dungeon, and saw 4 of its levels.

You collected 8 gold pieces.

Inventory:

Hand Weapons
 a - a +0 short sword (weapon)
Wands
 f - a wand of digging (3)
Scrolls
 b - a scroll of fog
 c - a scroll of magic mapping
 d - a scroll of fear
 g - 3 scrolls of enchant weapon {unknown}


   Skills:
 + Level 3.0 Fighting
 - Level 2.0 Short Blades
 + Level 2.0 Dodging
 + Level 6.6 Stealth
 + Level 0.0 Spellcasting


You couldn't memorise any spells.
You didn't know any spells.
Your spell library contained the following spells:

 Spells                   Type           Power        Failure   Level
 Animate Skeleton         Necr           0%           32%         1
 Pain                     Necr           0%           32%         1
 Vampiric Draining        Necr           0%           69%         3
 Animate Dead             Necr           0%           97%         4
 Agony                    Necr           0%           100%        5


Dungeon Overview and Level Annotations

Branches:
Dungeon (7/15)             Temple (1/1) D:7

Altars:
Makhleb
Okawaru
Qazlal
Sif Muna
Uskayaw
Vehumet
Zin


Innate Abilities, Weirdness & Mutations

You cannot wear most types of armour.
You are very stealthy in the water. (Stealth+)
You are amphibious.
You can wear up to eight rings at the same time.
You can use your tentacles to constrict eight enemies at once.
Your skin changes colour to match your surroundings (Stealth+).
Your rubbery body absorbs attacks. (AC +1, EV +1)


Message History

HP restored.
You climb upwards.
There is a stone staircase leading down here.
Found 20 stones.
A bullfrog comes into view.
Found a stone staircase leading up.
g - 3 scrolls labelled TUJEMM QUON You completely miss the bullfrog.
The bullfrog gives a loud, deep croak!
Your grab misses the bullfrog. The bullfrog hits you.
You feel yourself speed up. The bullfrog hits you!
Ouch! That really hurt!
* * * LOW HITPOINT WARNING * * *
The bullfrog barely misses you.
You barely miss the bullfrog. You grab the bullfrog.
You constrict the bullfrog. The bullfrog closely misses you.
You hit the bullfrog.
The bullfrog is moderately wounded.
You constrict the bullfrog. The bullfrog hits you!
You die...

##.........#.# .
#.........#.####.....
#..................#
#.....####..#####.##
#.....# #..##.....##
#.....# ##....##....
###########......#
#......F..#.#
....<..@..# ..
+#....(...# .
+........# #.########
... #


You could see a bullfrog.

Vanquished Creatures
  A giant cockroach (D:7)
1 creature vanquished.

Vanquished Creatures (others)
  3 plants (D:7)
3 creatures vanquished.

Grand Total: 4 creatures vanquished

Notes
Turn   | Place    | Note
-------+----------+-------------------------------------------
     0 | D:5      | Geeful the Octopode Delver began the quest for the Orb.
     0 | D:5      | Reached XP level 1. HP: 16/16 MP: 1/1
    32 | D:7      | Noticed an ogre
    48 | D:7      | Found a staircase to the Ecumenical Temple.
    48 | D:7      | Noticed a phantom
    62 | Temple   | Entered the Ecumenical Temple
    84 | Temple   | Became a worshipper of Vehumet
   117 | D:7      | Noticed a cyclops
   340 | D:5      | Noticed a bullfrog
   351 | D:5      | Slain by a bullfrog

Illustrated notes

Levels and vault maps discovered:
D:5:      layout_rooms, nicolae_dithmenos_shadow_blocks, serial_shops,
          kennysheep_mini, shop, nicolae_shop_behind_doors, shop,
          kennysheep_little_box, kennysheep_diamond,
          chequers_serial_rivers_micro_b, chequers_serial_rivers_small_a,
          uniq_grinder
D:6:      layout_rooms, hangedman_abyss_or_decor_stabs, minmay_misc_feat_tower
D:7:      layout_cave_pods, minmay_temple_entry_trees, hex_large,
          serial_bayou_lagoon_b, uniq_prince_ribbit1
Temple:   dshaligram_water_room_temple

Action                   || total
-------------------------++-------
Melee: Short sword       ||     5
       Constrict         ||     1
  Use: Potion            ||     1
 Stab: Sleeping          ||     1
Dodge: Dodged            ||     4
